 Dungeon Crawl Stone Soup version 0.21.1-1-g345015fe64 (webtiles) character file.

376 NullDivider the Charlatan (level 6, -4/32 HPs)
             Began as a Spriggan Artificer on Apr 27, 2018.
             Was an Initiate of Gozag.
             Slain by an iguana (10 damage)
             ... on level 5 of the Dungeon.
             The game lasted 00:18:34 (7236 turns).

NullDivider the Charlatan (Spriggan Artificer)      Turns: 7236, Time: 00:18:35

Health: -4/32      AC:  2    Str:  8    XL:     6   Next: 44%
Magic:  11/11      EV: 21    Int: 12    God:    Gozag
Gold:   92         SH:  0    Dex: 19    Spells: 5/5 levels left

rFire    . . .     SeeInvis +   a - +0 short sword
rCold    . . .     Gourm    .   (shield restricted)
rNeg     . . .     Faith    .   o - +0 robe (curse)
rPois    .         Spirit   .   (helmet restricted)
rElec    .         Reflect  .   (no cloak)
rCorr    .         Harm     .   (gloves unavailable)
MR       +....                  (boots unavailable)
Stlth    ++........             (no amulet)
HPRegen  0.10/turn              m - ring of loudness (curse)
MPRegen  0.12/turn              (no ring)

@: gold aura, very quick
A: very small, unfitting armour, see invisible, herbivore, speed 3, slow
metabolism 2
a: Potion Petition, Call Merchant, Bribe Branch, Renounce Religion


You were on level 5 of the Dungeon.
You worshipped Gozag.
Gozag was noncommittal.
You were hungry.

You visited 1 branch of the dungeon, and saw 5 of its levels.

You collected 113 gold pieces.
You paid 21 gold pieces to Gozag.

Inventory:

Hand Weapons
 a - a +0 short sword (weapon)
 t - a +2 falchion of holy wrath
Armour
 b - a +0 robe
 o - a cursed +0 robe (worn)
Jewellery
 e - an uncursed ring of see invisible {unknown}
 m - a cursed ring of loudness (left hand)
Wands
 d - a wand of enslavement (11)
Scrolls
 c - a scroll of teleportation
 l - a scroll of enchant armour
 q - 2 scrolls of fear
Potions
 g - a potion of ambrosia {unknown}
 h - 2 potions of heal wounds {unknown}
 i - a potion of brilliance {unknown}
 j - a potion of degeneration {unknown}
 k - a potion of curing {unknown}
 n - a potion of might {unknown}
 r - a potion of haste {unknown}
 s - a potion of berserk rage {unknown}
 u - a potion of magic {unknown}
Comestibles
 f - 7 rations


   Skills:
 * Level 3.2 Fighting
 + Level 3.1 Short Blades
 + Level 4.7 Dodging
 + Level 4.1 Stealth
 + Level 5.4 Evocations


You had 5 spell levels left.
You didn't know any spells.

Dungeon Overview and Level Annotations

Branches:
Dungeon (5/15)
 Temple: D:4-7

Altars:
Dithmenos
Elyvilon
Gozag

Shops:
D:4 %


Innate Abilities, Weirdness & Mutations

You are very small and have problems with some larger weapons.
You are too small for most types of armour.
You have supernaturally acute eyesight. (SInv)
You are a herbivore.
You cover ground extremely quickly.
You need consume almost no food.


Message History

The hound completely misses you.
You miss the hound.
The hound is heavily wounded.
The hound misses you.
You hit the hound.
The hound is severely wounded.
The hound misses you. x2
You hit the hound.
The hound is almost dead.
The hound barely misses you.
You hit the hound.
You kill the hound!
You hit the iguana but do no damage. The iguana completely misses you.
You hit the iguana but do no damage. The iguana bites you.
You closely miss the iguana. The iguana barely misses you.
You barely miss the iguana. The iguana bites you!
* * * LOW HITPOINT WARNING * * *
You completely miss the iguana. The iguana bites you!
You die...
Your body crumbles into a pile of gold.

.. #. ... #. .... #. ....##.
....... .......
.......######################
.........#sl@................
.......#.#.##################
.......#.#'#####
.......#.......#
##+###.#.....(.# #.#.......#
#.#.#.##### $ #.#.#.########
#.#.........


You could see a scorpion and an iguana.

Vanquished Creatures
  An ogre (D:3)
  A crimson imp (D:5)
  A hound (D:5)
  An orc priest (D:4)
  A worker ant (D:4)
  A killer bee zombie (D:3)
  5 adders
  An ooze (D:1)
  4 worms
  A dart slug (D:3)
  4 leopard geckos
  6 orcs
  5 giant cockroaches
  6 goblins
  7 hobgoblins
  2 jackals (D:4)
  6 kobolds
  4 quokkas
  8 bats
  2 frilled lizards
  9 rats
76 creatures vanquished.

Vanquished Creatures (collateral kills)
  2 orcs (D:4)
  A quokka (D:4)
3 creatures vanquished.

Vanquished Creatures (others)
  A hound (D:4)
  An orc (D:4)
  A quokka (D:5)
3 creatures vanquished.

Grand Total: 82 creatures vanquished

Notes
Turn   | Place    | Note
-------+----------+-------------------------------------------
     0 | D:1      | NullDivider the Spriggan Artificer began the quest for the Orb.
     0 | D:1      | Reached XP level 1. HP: 9/9 MP: 4/4
   218 | D:1      | Reached skill level 1 in Fighting
   254 | D:1      | Reached XP level 2. HP: 14/14 MP: 6/6
  1261 | D:2      | Reached XP level 3. HP: 8/18 MP: 7/7
  2344 | D:2      | Found a shadowy altar of Dithmenos.
  2595 | D:2      | Found a faded altar of an unknown god.
  2910 | D:3      | Reached XP level 4. HP: 5/23 MP: 8/8
  4099 | D:3      | Noticed an ogre
  4104 | D:3      | Killed an ogre
  4104 | D:3      | Reached skill level 5 in Evocations
  4104 | D:3      | Reached XP level 5. HP: 27/27 MP: 9/9
  4661 | D:3      | You fall through a shaft!
  5454 | D:4      | Found Nischig's Food Shoppe.
  5671 | D:4      | Reached XP level 6. HP: 32/32 MP: 10/10
  5973 | D:4      | Found an opulent altar of Gozag.
  5981 | D:4      | Became a worshipper of Gozag Ym Sagoz the Greedy
  6440 | D:5      | Entered Level 5 of the Dungeon
  6484 | D:5      | Found a white marble altar of Elyvilon.
  7236 | D:5      | Slain by an iguana

Skill      XL: |  1  2  3  4  5  6 |
---------------+-------------------+-----
Fighting       | 1 2 3 |  3.2
Stealth        | 2 3 4 |  4.1
Short Blades   | 2 3 |  3.1
Dodging        | 4 |  4.7
Evocations     | 5 |  5.4

Action                   |  1- 3 |  4- 6 || total
-------------------------+-------+-------++-------
Melee: Short sword       |   169 |   263 ||   432
Evoke: Wand              |     8 |    26 ||    34
  Use: Scroll            |     1 |     5 ||     6
 Stab: Sleeping          |     5 |     2 ||     7
       Distracted        |     1 |       ||     1
       Paralysed         |       |     1 ||     1
       Confused          |       |     2 ||     2
  Eat: Ration            |       |     2 ||     2
Armor: Robe              |    24 |     9 ||    33
Dodge: Dodged            |   147 |   201 ||   348
